 Dungeon Crawl Stone Soup version 0.28-a0-1412-gf95308ed99 (webtiles) character file.

Game seed: 7259658241427461344

2065 funkygono the Thaumaturge (level 9, -2/55 HPs)
             Began as a Djinni Fire Elementalist on Jan 6, 2022.
             Was an Initiate of Makhleb.
             Shot with a sling bullet by Joseph (17 damage)
             ... on level 7 of the Dungeon.
             The game lasted 00:13:31 (7352 turns).

funkygono the Thaumaturge (DjFE)                    Turns: 7352, Time: 00:13:33

Health: -2/55      AC: 11    Str:  9    XL:     9   Next: 50%
Gold:   166        EV: 10    Int: 23    God:    Makhleb [......] SH:  0 Dex: 10

rFire   + + +      SeeInvis .   r - +9 dagger of Fatigue {freeze, rC+ Int+4 Dex-4 Stlth+}
rCold   + . .      Faith    .   (no shield)
rNeg    . . .      Spirit   .   v - +2 swamp dragon scales
rPois   ∞          Reflect  .   l - +0 helmet
rElec   .          Harm     .   (no cloak)
rCorr   .          Rampage  .   (no gloves)
Will    .....                   (boots unavailable)
Stlth   ++........              (no amulet)
HPRegen 0.18/turn               i - ring of protection from cold
MPRegen 0.00/turn               d - ring of protection from fire

@: flying, studying Slings
A: sickness immunity, fire resistance 2, cold vulnerability 1, float, innate
caster, hp casting, extra vitality 1
a: Renounce Religion


You were on level 7 of the Dungeon.
You worshipped Makhleb.
Makhleb was noncommittal.
You visited 2 branches of the dungeon, and saw 8 of its levels.

You collected 292 gold pieces.
You spent 126 gold pieces at shops.

Inventory:

Hand Weapons
 c - a +1 dagger of draining
 h - a +0 short sword
 k - a +0 dagger of flaming
 r - the +9 dagger of Fatigue (weapon) {freeze, rC+ Int+4 Dex-4 Stlth+}
   (You bought it in a shop on level 3 of the Dungeon)

   It freezes those it strikes, dealing additional cold damage.
   It can also slow down cold-blooded creatures.
   Int:       It affects your intelligence (+4).
   Dex:       It affects your dexterity (-4).
   rC:        It protects you from cold.
   Stlth:     It makes you more stealthy.
Missiles
 b - 245 stones
Armour
 a - a +0 robe
 f - a +1 leather armour
 l - a +0 helmet (worn)
 s - a +0 buckler
 v - +2 swamp dragon scales (worn)
 x - a +0 troll leather armour
Magical Staves
 u - a staff of cold
Jewellery
 d - a ring of protection from fire (right hand)
 i - a ring of protection from cold (left hand)
Scrolls
 m - a scroll of vulnerability
 n - a scroll of identify
 t - a scroll of enchant weapon
 w - a scroll of fog
Potions
 e - 4 potions of lignification
 g - a potion of curing
 j - 2 potions of attraction
 o - a potion of degeneration
 p - a potion of heal wounds
 q - a potion of mutation {unknown}


   Skills:
 * Level 3.8 Armour
 + Level 3.2 Dodging
 - Level 1.5 Stealth
 + Level 8.8 Spellcasting


You had 3 spell levels left.
You knew the following spells:

 Your Spells              Type           Power      Damage    Failure   Level
a - Foxfire               Conj/Fire      100%       2x1d9     1%          1
b - Scorch                Fire           100%       2d10      1%          2
c - Conjure Flame         Conj/Fire      50%        6-21      1%          3
d - Inner Flame           Hex/Fire       50%        N/A       1%          3
e - Flame Wave            Conj/Fire      50%        2d9       4%          4
f - Shock                 Conj/Air       100%       1d9       1%          1
g - Static Discharge      Conj/Air       50%        N/A       1%          2
h - Frozen Ramparts       Ice            100%       1d12      1%          3
i - Tukima's Dance        Hex            50%        N/A       1%          3
Your spell library was empty.

Dungeon Overview and Level Annotations

Branches:
Dungeon (7/15)             Temple (1/1) D:6

Altars:
Ashenzari
Cheibriados
Fedhas
Gozag
Hepliaklqana
Kikubaaqudgha
Makhleb
Nemelex Xobeh
Okawaru
Qazlal
Ru
Sif Muna
Vehumet
Zin

Shops:
D:1 (   D:3 ?(*(*

Portals:
Bailey: D:7

Annotations:
D:7 Joseph


Innate Abilities, Weirdness & Mutations

You are immune to sickness and miasma.
You are immune to poison.
Your flesh is very heat resistant. (rF++)
You are vulnerable to cold. (rC-)
You float through the air rather than walking.
You learn spells naturally, not from books.
Your magical power is your life essence.
You have superior vitality. (+4 MHP)


Message History

You conjure some foxfire!
The foxfire hits Joseph.
Joseph is lightly wounded.
Your foxfire dissipates!
The foxfire hits Joseph.
Joseph is lightly wounded.
Casting: Foxfire (safe; 1% risk of failure)
Confirm with . or Enter, or press ? or * to list all spells.
You conjure some foxfire!
The foxfire hits Joseph.
Joseph is lightly wounded.
The foxfire hits Joseph!
Joseph is moderately wounded.
Joseph shoots a sling bullet.
The sling bullet closely misses you.
Unknown command.
Casting: Foxfire (safe; 1% risk of failure)
Confirm with . or Enter, or press ? or * to list all spells.
You conjure some foxfire!
Casting: Foxfire (safe; 1% risk of failure)
Confirm with . or Enter, or press ? or * to list all spells.
You conjure some foxfire!
The foxfire hits Joseph.
Joseph is moderately wounded.
Casting: Foxfire (safe; 1% risk of failure)
Confirm with . or Enter, or press ? or * to list all spells.
Flames lash Joseph.
Joseph is heavily wounded.
Joseph's fire resistance burns away.
The foxfire hits Joseph but does no damage.
Joseph is heavily wounded.
The foxfire hits Joseph.
Joseph is burned terribly!
Joseph is heavily wounded.
The foxfire hits Joseph but does no damage.
Joseph is heavily wounded.
The foxfire hits Joseph.
Joseph is burned terribly!
Joseph is heavily wounded.
Casting: Scorch (safe; 1% risk of failure)
Confirm with . or Enter, or press ? or * to list all spells.
Flames lash Joseph.
Joseph is burned terribly!
Joseph is severely wounded.
* * * LOW HITPOINT WARNING * * *
Joseph shoots a sling bullet.
The sling bullet hits you!
You die...

#. ..
#.##.####
#.....#
##.......
####.#..)..#.
......# #...
.)∩)...
#.########.#
..$..
#..........#
....
###.#######..#
##.@# ...##
#..# #§).#
..##
#..###@#§# .##
#........#
.#####.#
##.###.=<#
......# #.#
#...# .#####.#
#.# #..... .#
... ####### .#
### .# .#
#####


You could see Joseph (combustible).

Vanquished Creatures
  Maggie (D:6)
  A troll (D:6)
  A shadow (D:6)
  A water moccasin (D:6)
  A black bear (D:4)
  2 sky beasts
  An ogre (D:5)
  2 scorpions (D:4)
  2 water moccasin zombies
  A water moccasin skeleton (D:4)
  2 bullfrog zombies (D:5)
  A centaur zombie (D:5)
  2 hounds
  3 orc priests
  An iguana (D:5)
  2 jellies (D:2)
  A bullfrog skeleton (D:5)
  A centaur skeleton (D:5)
  An orc wizard (D:3)
  A hound skeleton (D:4)
  A howler monkey zombie (D:5)
  4 gnolls (D:3)
  8 adders
  3 shadow imps
  An ufetubus (D:6)
  2 worms
  5 dart slugs
  8 orcs
  2 bats (D:1)
  15 endoplasms
  3 goblins
  7 hobgoblins
  3 jackals (D:3)
  14 kobolds
  4 quokkas
  3 ball pythons
  12 rats
123 creatures vanquished.

Vanquished Creatures (others)
  444 foxfires
  6 fungi (D:2)
  2 plants (D:1)
  9 toadstools (D:2)
  3 withered plants (D:1)
464 creatures vanquished.

Grand Total: 587 creatures vanquished

Notes
Turn   | Place    | Note
-------+----------+-------------------------------------------
     0 | D:1      | funkygono the Djinni Fire Elementalist began the quest for
                  | the Orb.
     0 | D:1      | Reached XP level 1. HP: 15/15 MP: 0/0
   157 | D:1      | Found a faded altar of an unknown god.
   307 | D:1      | Reached XP level 2. HP: 18/21 MP: 0/0
   552 | D:1      | Reached skill level 3 in Spellcasting
   587 | D:1      | Found Pukol's Antique Weapon Shoppe.
   730 | D:1      | Reached XP level 3. HP: 22/25 MP: 0/0
   730 | D:1      | Learned a level 1 spell: Shock
  1438 | D:2      | Reached XP level 4. HP: 27/31 MP: 0/0
  1894 | D:2      | Reached skill level 4 in Spellcasting
  1933 | D:2      | Reached XP level 5. HP: 29/35 MP: 0/0
  1933 | D:2      | Learned a level 2 spell: Static Discharge
  2550 | D:3      | Reached XP level 6. HP: 15/40 MP: 0/0
  3027 | D:3      | Reached skill level 5 in Spellcasting
  3080 | D:3      | Found Umazem's General Store.
  3299 | D:3      | Found Okeuc's Assorted Antiques.
  3481 | D:3      | Found Ylakasam's Antique Weapon Boutique.
  3486 | D:3      | Bought a polished dagger for 126 gold pieces
  3486 | D:3      | Identified the +9 dagger of Fatigue {freeze, rC+ Int+4
                  | Dex-4 Stlth+} (You bought it in a shop on level 3 of the
                  | Dungeon)
  3515 | D:3      | Found Luituyma's Antique Weapon Shoppe.
  3733 | D:3      | Found Tamigel's Magic Scroll Emporium.
  4089 | D:4      | Reached XP level 7. HP: 40/45 MP: 0/0
  4089 | D:4      | Learned a level 3 spell: Frozen Ramparts
  4287 | D:4      | Reached skill level 6 in Spellcasting
  4823 | D:4      | Reached XP level 8. HP: 46/50 MP: 0/0
  4957 | D:5      | Entered Level 5 of the Dungeon
  5096 | D:5      | Reached skill level 7 in Spellcasting
  5098 | D:5      | Reached skill level 1 in Armour
  5430 | D:5      | Found a stormy altar of Qazlal.
  6245 | D:6      | Found a staircase to the Ecumenical Temple.
  6245 | D:6      | Noticed Maggie
  6261 | D:6      | Killed Maggie
  6262 | D:6      | Reached skill level 8 in Spellcasting
  6262 | D:6      | Reached XP level 9. HP: 28/55 MP: 0/0
  6262 | D:6      | Learned a level 3 spell: Tukima's Dance
  6357 | Temple   | Entered the Ecumenical Temple
  6548 | Temple   | Became a worshipper of Makhleb the Destroyer
  6806 | D:6      | Found a snail-covered altar of Cheibriados.
  6961 | D:6      | Found an opulent altar of Gozag.
  6961 | D:6      | Noticed a troll
  6968 | D:6      | Killed a troll
  7259 | D:7      | Found a blossoming altar of Fedhas.
  7330 | D:7      | Found a flagged portal.
  7339 | D:7      | Noticed Joseph
  7352 | D:7      | Shot with a sling bullet by Joseph

Illustrated notes

Levels and vault maps discovered:
D:1:      lemuel_arrival_tunnels, layout_basic, serial_shops,
          nicolae_shop_hallway_plus, shapermc_ecumenical_altar_flowoftime
D:2:      cheibrodos_fertilizer, layout_rooms, minmay_rat_gold_closets
D:3:      layout_loops_corners, mainiacjoe_overflow_catwalk, serial_shops,
          nicolae_diamond_shop, shop, nicolae_shop_advertising_works
          [nicolae_subvault_shop_adworks], nicolae_shop_hallway_stairs,
          nicolae_shop_stone, nrook_mini_vaults
D:4:      layout_rooms, minmay_misc_feat_encased, minmay_manual_mandibuliform
D:5:      layout_loops_ring, nicolae_qazlal_eye_of_the_storm
D:6:      layout_basic, minmay_temple_entry_wispy, hangedman_feature_mirror,
          hex_tiny, minmay_misc_feat_doors, uniq_maggie
D:7:      layout_loops_ring, tgw_fedhas, enter_bailey_2, uniq_joseph
Temple:   zaba_magenta_temple

Skill      XL: |  1  2  3  4  5  6  7  8  9 |
---------------+----------------------------+-----
Spellcasting   | 3 4 5 6 8 |  8.8
Armour         | 2 3 |  3.8
Dodging        | 3 |  3.2
Stealth        | |  1.5

Action                   |  1- 3 |  4- 6 |  7- 9 || total
-------------------------+-------+-------+-------++-------
Melee: Unarmed           |     2 |       |       ||     2
 Cast: Foxfire           |    51 |    92 |   119 ||   262
       Scorch            |     2 |    16 |    28 ||    46
       Conjure Flame     |       |     3 |       ||     3
       Shock             |       |     1 |     4 ||     5
       Static Discharge  |       |       |     4 ||     4
       Frozen Ramparts   |       |       |     1 ||     1
       Flame Wave        |       |       |     1 ||     1
  Use: Scroll            |     3 |     6 |     7 ||    16
Armor: Robe              |       |     2 |       ||     2
       Leather armour    |       |       |     4 ||     4
       Swamp dragon scal |       |       |     5 ||     5
Dodge: Dodged            |       |     5 |     8 ||    13

Table legend: (Time is in decaauts)
 A = Elapsed time spent in this place.
 B = Non-inter-level travel time spent in this place.
 C = Inter-level travel time spent in this place.
 D = Time resting spent in this place.
 E = Time spent auto-exploring this place.
 F = Levels seen in this place.
 G = Mean time per level.
                   A        B        C        D        E       F      G
               +--------+--------+--------+--------+--------+-----+--------+
         Total |   7347 |   7176 |    171 |    723 |   5404 |   8 |  918.4 |
       Dungeon |   7141 |   7000 |    141 |    723 |   5279 |   7 | 1020.1 |
        Temple |    206 |    177 |     29 |      0 |    125 |   1 |  206.0 |
               +--------+--------+--------+--------+--------+-----+--------+

Top non-repeatable levels by time:
     D:3: 1556 daAuts
     D:2: 1425 daAuts
     D:5: 1087 daAuts
     D:1: 1081 daAuts
     D:6: 905 daAuts
     D:4: 889 daAuts
  Temple: 206 daAuts
     D:7: 194 daAuts
